SAA
IRVING BLUE SOX @ MINNESOTA LOONS
05/27/2029
 
TOP OF THE 1ST
Irving Blue Sox batting - Pitching for Minnesota Loons : LHP Luis Domínguez
Pitching: LHP Luis Domínguez
Batting: RHB Scott Donlan 0-0: Called Strike
0-1: Ball
1-1: Ball
2-1: Swinging Strike
2-2: Strikes out swinging
Batting: RHB Eisse Cals 0-0: Called Strike
0-1: Called Strike
0-2: Strikes out swinging
Batting: RHB Tom Boyer 0-0: Called Strike
0-1: Ground out 6-3 (Groundball, 6)
Top of the 1st over - 0 runs, 0 hits, 0 errors, 0 left on base; Irving 0 - Minnesota 0
BOTTOM OF THE 1ST
Minnesota Loons batting - Pitching for Irving Blue Sox : RHP Iván Castillo
Pitching: RHP Iván Castillo
Batting: SHB António Zúñiga 0-0: Called Strike
0-1: Ball
1-1: Ball
2-1: Ball
3-1: SINGLE (Line Drive, 8LS)
Batting: RHB Jing-sheng Joo 0-0: Fly out, F7 (Line Drive, 7)
Batting: RHB Isuru Tanaka 0-0: Ball
1-0: Ball
2-0: Ball
António Zúñiga steals 2nd base
3-0: Called Strike
3-1: Fly out, F1 (Line Drive, 13)
Batting: RHB Joe Dundee 0-0: Ball
1-0: Called Strike
1-1: Fly out, F8 (Flyball, 8LD)
Bottom of the 1st over - 0 runs, 1 hit, 0 errors, 1 left on base; Irving 0 - Minnesota 0
TOP OF THE 2ND
Irving Blue Sox batting - Pitching for Minnesota Loons : LHP Luis Domínguez
Batting: LHB Myron Rosenbalm 0-0: Fly out, F8 (Line Drive, 8LM)
Batting: RHB Wessel Wemerman 0-0: Ball
1-0: Ball
2-0: Called Strike
2-1: Ball
3-1: Called Strike
3-2: Foul Ball, location: 2F
3-2: Fly out, F9 (Line Drive, 9D)
Batting: SHB John Clayton 0-0: Called Strike
0-1: Ball
1-1: Ground out 6-3 (Groundball, 6)
Top of the 2nd over - 0 runs, 0 hits, 0 errors, 0 left on base; Irving 0 - Minnesota 0
BOTTOM OF THE 2ND
Minnesota Loons batting - Pitching for Irving Blue Sox : RHP Iván Castillo
Batting: RHB Salvador Esparza 0-0: Called Strike
0-1: Called Strike
0-2: Ball
1-2: Ball
2-2: Foul Ball, location: 2F
2-2: Ball
3-2: Base on Balls
Batting: RHB Jorge Echevarría 0-0: Ball
Salvador Esparza steals 2nd base
1-0: Called Strike
1-1: Called Strike
1-2: Foul Ball, location: 2F
1-2: Fly out, F7 (Line Drive, 7LD)
Batting: RHB Jorge Arreola 0-0: Called Strike
0-1: Swinging Strike
0-2: Foul Ball, location: 2F
0-2: Fly out, F7 (Line Drive, 78D)
Batting: RHB Dhyana Snigdha 0-0: Called Strike
0-1: Ball
1-1: Fly out, F2 (Popup, 23F)
Bottom of the 2nd over - 0 runs, 0 hits, 0 errors, 1 left on base; Irving 0 - Minnesota 0
TOP OF THE 3RD
Irving Blue Sox batting - Pitching for Minnesota Loons : LHP Luis Domínguez
Batting: RHB Cisco Hernández 0-0: Called Strike
0-1: Ball
1-1: Ball
2-1: Ground out 4-3 (Groundball, 4)
Batting: SHB Lúcio Gonzáles 0-0: Ball
1-0: Called Strike
1-1: Ball
2-1: Swinging Strike
2-2: Foul Ball, location: 2F
2-2: Strikes out looking
Batting: RHB Enrique Gómez 0-0: Foul Ball, location: 2F
0-1: Ball
1-1: Foul Ball, location: 2F
1-2: Ball
2-2: Ball
3-2: Ground out 4-3 (Groundball, 4)
Top of the 3rd over - 0 runs, 0 hits, 0 errors, 0 left on base; Irving 0 - Minnesota 0
BOTTOM OF THE 3RD
Minnesota Loons batting - Pitching for Irving Blue Sox : RHP Iván Castillo
Batting: RHB Joaquín Villarreal 0-0: Called Strike
0-1: Swinging Strike
0-2: Ball
1-2: Ball
2-2: Foul Ball, location: 2F
2-2: Ball
3-2: Fly out, F7 (Line Drive, 78S)
Batting: SHB António Zúñiga 0-0: Ball
1-0: Ball
2-0: Ball
3-0: Called Strike
3-1: Called Strike
3-2: SINGLE (Groundball, 6MD)
Batting: RHB Jing-sheng Joo 0-0: Ball
1-0: Ball
2-0: Foul Ball, location: 2F
2-1: Foul Ball, location: 2F
2-2: Fly out, F7 (Flyball, 78D)
Batting: RHB Isuru Tanaka 0-0: Fly out, F7 (Flyball, 7LMF)
Bottom of the 3rd over - 0 runs, 1 hit, 0 errors, 1 left on base; Irving 0 - Minnesota 0
TOP OF THE 4TH
Irving Blue Sox batting - Pitching for Minnesota Loons : LHP Luis Domínguez
Batting: RHB Scott Donlan 0-0: Ball
1-0: Foul Ball, location: 2F
1-1: Swinging Strike
1-2: Ball
2-2: Ball
3-2: Fly out, F8 (Line Drive, 78M)
Batting: RHB Eisse Cals 0-0: Called Strike
0-1: Ball
1-1: Ball
2-1: Swinging Strike
2-2: Ball
3-2: Foul Ball, location: 2F
3-2: Base on Balls
Batting: RHB Tom Boyer 0-0: Ball
1-0: Ball
2-0: Called Strike
2-1: Called Strike
2-2: Ball
3-2: Foul Ball, location: 2F
3-2: Foul Ball, location: 2F
3-2: SINGLE (Groundball, 4MD)
Eisse Cals to second
Batting: LHB Myron Rosenbalm 0-0: Ball
1-0: Ball
2-0: Called Strike
2-1: Fly out, F6 (Line Drive, 6)
Batting: RHB Wessel Wemerman 0-0: Swinging Strike
0-1: Ball
1-1: Foul Ball, location: 2F
1-2: Strikes out swinging
Top of the 4th over - 0 runs, 1 hit, 0 errors, 2 left on base; Irving 0 - Minnesota 0
BOTTOM OF THE 4TH
Minnesota Loons batting - Pitching for Irving Blue Sox : RHP Iván Castillo
Batting: RHB Joe Dundee 0-0: Ball
1-0: Ball
2-0: Ball
3-0: Base on Balls
Batting: RHB Salvador Esparza 0-0: Ball
1-0: Fielders Choice at 2nd, 6-4 (Groundball, 6)
Batting: RHB Jorge Echevarría 0-0: Called Strike
Salvador Esparza steals 2nd base
0-1: Foul Ball, location: 2F
0-2: TRIPLE (Line Drive, 8LXD)
Salvador Esparza scores
Batting: RHB Jorge Arreola 0-0: Ground out 6-3 (Groundball, 6)
Jorge Echevarría scores
Batting: RHB Dhyana Snigdha 0-0: Ground out 6-3 (Groundball, 6M)
Bottom of the 4th over - 2 runs, 1 hit, 0 errors, 0 left on base; Irving 0 - Minnesota 2
TOP OF THE 5TH
Irving Blue Sox batting - Pitching for Minnesota Loons : LHP Luis Domínguez
Batting: SHB John Clayton 0-0: Ball
1-0: Called Strike
1-1: Ball
2-1: Ground out 5-3 (Groundball, 56)
Batting: RHB Cisco Hernández 0-0: Ball
1-0: Swinging Strike
1-1: Ball
2-1: Swinging Strike
2-2: Strikes out swinging
Batting: SHB Lúcio Gonzáles 0-0: Ball
1-0: SINGLE (Groundball, 3D)
Batting: RHB Enrique Gómez 0-0: Called Strike
0-1: Fly out, F8 (Flyball, 8LS)
Top of the 5th over - 0 runs, 1 hit, 0 errors, 1 left on base; Irving 0 - Minnesota 2
BOTTOM OF THE 5TH
Minnesota Loons batting - Pitching for Irving Blue Sox : RHP Iván Castillo
Batting: RHB Joaquín Villarreal 0-0: Called Strike
0-1: SINGLE (Line Drive, 6MD)
Batting: SHB António Zúñiga 0-0: Sac Bunt - play at first, batter OUT! 1-3
Joaquín Villarreal to second
Batting: RHB Jing-sheng Joo 0-0: Foul Ball, location: 2F
0-1: Swinging Strike
0-2: Strikes out swinging
Batting: RHB Isuru Tanaka 0-0: Ball
Wild Pitch!
Joaquín Villarreal to third
1-0: Called Strike
1-1: DOUBLE (Line Drive, 7LS)
Joaquín Villarreal scores
Batting: RHB Joe Dundee 0-0: Called Strike
0-1: Ground out 6-3 (Groundball, 6)
Bottom of the 5th over - 1 run, 2 hits, 0 errors, 1 left on base; Irving 0 - Minnesota 3
TOP OF THE 6TH
Irving Blue Sox batting - Pitching for Minnesota Loons : LHP Luis Domínguez
Batting: RHB Scott Donlan 0-0: Ball
1-0: DOUBLE (Line Drive, 7LM)
Batting: RHB Eisse Cals 0-0: Ball
1-0: Foul Ball, location: 2F
1-1: DOUBLE (Groundball, 5L)
Scott Donlan scores
Batting: RHB Tom Boyer 0-0: Ball
1-0: DOUBLE (Line Drive, 9LS)
Eisse Cals scores
Batting: LHB Myron Rosenbalm 0-0: Called Strike
0-1: Foul Ball, location: 2F
0-2: Ground out 4-3 (Groundball, 4)
Tom Boyer to third
Batting: RHB Wessel Wemerman 0-0: Called Strike
0-1: Ball
1-1: Foul Ball, location: 2F
1-2: Ball
2-2: DOUBLE (Line Drive, 7LM)
Tom Boyer scores
Batting: SHB John Clayton 0-0: Ball
1-0: SINGLE (Line Drive, 56)
Wessel Wemerman to third
Batting: RHB Cisco Hernández 0-0: Ball
1-0: Ball
2-0: SINGLE (Groundball, 6M) (infield hit)
Wessel Wemerman scores
John Clayton to second
Batting: SHB Lúcio Gonzáles 0-0: Called Strike
0-1: Swinging Strike
0-2: Strikes out looking
Pitching: RHP Juan Deliz
Batting: RHB Enrique Gómez 0-0: Ball
1-0: Ball
2-0: Ball
3-0: Base on Balls
John Clayton to third
Cisco Hernández to second
Batting: RHB Scott Donlan 0-0: Swinging Strike
0-1: Foul Ball, location: 2F
0-2: Ball
1-2: Ball
2-2: Foul Ball, location: 2F
2-2: Strikes out looking
Top of the 6th over - 4 runs, 6 hits, 0 errors, 3 left on base; Irving 4 - Minnesota 3
BOTTOM OF THE 6TH
Minnesota Loons batting - Pitching for Irving Blue Sox : RHP Iván Castillo
Batting: RHB Salvador Esparza 0-0: Ball
1-0: SINGLE (Groundball, 56S) (infield hit)
Batting: RHB Jorge Echevarría 0-0: Called Strike
0-1: Sac Bunt - play at first, batter safe!
Salvador Esparza to second
Batting: RHB Jorge Arreola 0-0: Called Strike
0-1: Ball
1-1: Fly out, F3 (Line Drive, 3)
Lined into DP, U3 (Line Drive, 3)
Batting: RHB Dhyana Snigdha 0-0: Ball
1-0: Ball
2-0: Foul Ball, location: 2F
2-1: Fly out, F4 (Popup, 4)
Bottom of the 6th over - 0 runs, 2 hits, 0 errors, 1 left on base; Irving 4 - Minnesota 3
TOP OF THE 7TH
Irving Blue Sox batting - Pitching for Minnesota Loons : RHP Juan Deliz
Batting: RHB Eisse Cals 0-0: Foul Ball, location: 2F
0-1: Ball
1-1: Called Strike
1-2: Foul Ball, location: 2F
1-2: Ball
2-2: Fly out, F8 (Flyball, 8RS)
Batting: RHB Tom Boyer 0-0: Ball
1-0: Ball
2-0: Ball
3-0: Foul Ball, location: 2F
3-1: Base on Balls
Batting: LHB Myron Rosenbalm 0-0: Ball
1-0: Foul Ball, location: 2F
1-1: Ball
2-1: Called Strike
2-2: Fly out, F8 (Flyball, 8LM)
Batting: RHB Wessel Wemerman 0-0: Ball
1-0: Called Strike
Tom Boyer steals 2nd base
1-1: Called Strike
1-2: SINGLE (Groundball, 25) (infield hit)
Tom Boyer to third
Batting: SHB John Clayton 0-0: Ground out U3 (Groundball, 3)
Top of the 7th over - 0 runs, 1 hit, 0 errors, 2 left on base; Irving 4 - Minnesota 3
BOTTOM OF THE 7TH
Minnesota Loons batting - Pitching for Irving Blue Sox : RHP Iván Castillo
Batting: RHB Joaquín Villarreal 0-0: Ball
1-0: Called Strike
1-1: Called Strike
1-2: Ball
2-2: Fly out, F8 (Flyball, 8LD)
Batting: SHB António Zúñiga 0-0: Ball
1-0: Swinging Strike
1-1: Foul Ball, location: 2F
1-2: Foul Ball, location: 2F
1-2: Foul Ball, location: 2F
1-2: Foul Ball, location: 2F
1-2: Fly out, F8 (Flyball, 78D)
Batting: RHB Jing-sheng Joo 0-0: Ball
1-0: Ball
2-0: SINGLE (Line Drive, 9S)
Batting: RHB Isuru Tanaka 0-0: Ball
1-0: Foul Ball, location: 2F
1-1: Foul Ball, location: 2F
1-2: Fly out, F6 (Popup, 6MS)
Bottom of the 7th over - 0 runs, 1 hit, 0 errors, 1 left on base; Irving 4 - Minnesota 3
TOP OF THE 8TH
Irving Blue Sox batting - Pitching for Minnesota Loons : RHP Juan Deliz
Batting: RHB Cisco Hernández 0-0: Ball
1-0: Ball
2-0: Ball
3-0: Foul Ball, location: 2F
3-1: Fly out, F8 (Flyball, 8LS)
Batting: SHB Lúcio Gonzáles 0-0: Ball
1-0: Ball
2-0: Ball
3-0: Called Strike
3-1: Ground out 6-3 (Groundball, 6MS)
Batting: RHB Enrique Gómez 0-0: Ball
1-0: Ball
2-0: Called Strike
2-1: Ball
3-1: Base on Balls
Batting: RHB Scott Donlan 0-0: Ball
1-0: Called Strike
1-1: Called Strike
1-2: Foul Ball, location: 2F
1-2: Foul Ball, location: 2F
1-2: Fielders Choice at 2nd, 6-4 (Groundball, 6)
Top of the 8th over - 0 runs, 0 hits, 0 errors, 1 left on base; Irving 4 - Minnesota 3
BOTTOM OF THE 8TH
Minnesota Loons batting - Pitching for Irving Blue Sox : RHP Iván Castillo
Batting: RHB Joe Dundee 0-0: Foul Ball, location: 2F
0-1: Ball
1-1: Ball
2-1: Swinging Strike
2-2: SINGLE (Flyball, 89M)
Pinch Runner at 1st Javier Reyes:
Batting: RHB Salvador Esparza 0-0: Ball
1-0: Called Strike
1-1: Fly out, F6 (Line Drive, 6)
Pinch Hitting: LHB Juan Aranda 0-0: Ball
1-0: Foul Ball, location: 2F
1-1: Foul Ball, location: 2F
1-2: Fly out, F5 (Popup, 5F)
Pinch Hitting: LHB Alfredo Arévalo 0-0: Ball
1-0: Ball
2-0: Ball
3-0: Called Strike
3-1: Swinging Strike
3-2: Ground out 4-3 (Groundball, 4D)
Bottom of the 8th over - 0 runs, 1 hit, 0 errors, 1 left on base; Irving 4 - Minnesota 3
TOP OF THE 9TH
Irving Blue Sox batting - Pitching for Minnesota Loons : RHP Juan Deliz
Now at 1B: Alex Rucker
Now in LF: Javier Reyes
Now in RF: Alfredo Arévalo
Batting: RHB Eisse Cals 0-0: Foul Ball, location: 2F
0-1: Foul Ball, location: 2F
0-2: Ball
1-2: Ball
2-2: Ball
3-2: Foul Ball, location: 2F
3-2: Base on Balls
Pitching: LHP Rob Permenter
Batting: RHB Tom Boyer 0-0: Called Strike
0-1: Ball
1-1: Ball
2-1: Swinging Strike
2-2: Strikes out swinging
Pinch Hitting: RHB Manny Gonzáles 0-0: Ball
1-0: Called Strike
1-1: Foul Ball, location: 2F
1-2: Ball
2-2: Strikes out swinging
Batting: RHB Wessel Wemerman 0-0: Called Strike
0-1: Ball
1-1: Called Strike
1-2: Ball
2-2: Ball
3-2: Foul Ball, location: 2F
3-2: Base on Balls
Eisse Cals to second
Batting: SHB John Clayton 0-0: Ball
1-0: SINGLE (Line Drive, 78S)
Eisse Cals to third
Wessel Wemerman to second
Runner from 3rd tries for Home, SAFE, no throw
Batting: RHB Cisco Hernández 0-0: Ball
1-0: Called Strike
1-1: Called Strike
1-2: Ball
2-2: Ball
3-2: Foul Ball, location: 2F
3-2: Base on Balls
Wessel Wemerman to third
John Clayton to second
Pitching: RHP Ricardo Landrón
Batting: SHB Lúcio Gonzáles 0-0: Ball
1-0: Ball
2-0: Ground out 6-3 (Groundball, 6M)
Top of the 9th over - 1 run, 1 hit, 0 errors, 3 left on base; Irving 5 - Minnesota 3
BOTTOM OF THE 9TH
Minnesota Loons batting - Pitching for Irving Blue Sox : RHP Iván Castillo
Pitching: RHP Rich McLean
Now at 1B: Manny Gonzáles
Batting: RHB Dhyana Snigdha 0-0: Called Strike
0-1: Swinging Strike
0-2: Ball
1-2: Foul Ball, location: 2F
1-2: Strikes out swinging
Batting: RHB Joaquín Villarreal 0-0: Called Strike
0-1: Ground out 4-3 (Groundball, 4)
Batting: SHB António Zúñiga 0-0: Foul Ball, location: 2F
0-1: Ball
1-1: Swinging Strike
1-2: Ball
2-2: Foul Ball, location: 2F
2-2: Strikes out swinging
Bottom of the 9th over - 0 runs, 0 hits, 0 errors, 0 left on base; Irving 5 - Minnesota 3
Tuesday, December 19th, 2017 - OOTP Baseball 18.8 Build 76